 Dungeon Crawl Stone Soup version 0.24.1-14-gf8d2b509d9 (webtiles) character file.

Game seed: 4765201884886665327, levelgen mode: deterministic

27876 pobog the Spear-Bearer (level 13, -8/106 HPs)
             Began as a Formicid Abyssal Knight on July 11, 2020.
             Was the Champion of Lugonu.
             Mangled by a phantasmal warrior (29 damage)
             ... led by a death knight
             ... on level 14 of the Dungeon.
             The game lasted 00:47:19 (21283 turns).

pobog the Spear-Bearer (Formicid Abyssal Knight)   Turns: 21283, Time: 00:47:19

Health: -8/106     AC: 18    Str: 27    XL:     13   Next: 69%
Magic:  27/27      EV:  6    Int: 11    God:    Lugonu [******]
Gold:   984        SH: 10    Dex: 10    Spells: 11/12 levels left

rFire    . . .     SeeInvis +   Q - +5 halberd (distort)
rCold    . . .     Gourm    .   y - +0 shield
rNeg     . . .     Faith    .   N - +0 plate armour
rPois    .         Spirit   .   (helmet unavailable)
rElec    .         Reflect  .   G - +0 cloak
rCorr    .         Harm     .   (no gloves)
MR       +....                  C - +1 pair of boots
Stlth    ..........             (no amulet)
HPRegen  0.27/turn              L - ring of Rauligew {+Inv MP+9 Str+4}
MPRegen  0.20/turn              O - +3 ring of slaying

@: no status effects
A: permanent stasis, dig shafts and tunnels, four strong arms, antennae 3
a: Dig, Shaft Self, Depart the Abyss, Bend Space, Banish, Corrupt, Enter the
Abyss, Renounce Religion, Evoke Invisibility


You were on level 14 of the Dungeon.
You worshipped Lugonu.
Lugonu was exalted by your worship.
You were hungry.

You visited 1 branch of the dungeon, and saw 15 of its levels.
You visited the Abyss 1 time.

You collected 984 gold pieces.

Inventory:

Hand Weapons
 a - a +0 glaive of pain
 b - a +1 hunting sling of velocity
 J - a +1 hunting sling of flaming
 Q - a +5 halberd of distortion (weapon)
Missiles
 d - a throwing net
 f - 8 curare-tipped darts
 i - 51 poisoned darts (quivered)
 q - 239 stones
 A - 17 boomerangs
 H - 5 javelins
Armour
 y - a +0 shield (worn)
 z - a +1 chain mail of cold resistance
 C - a +1 pair of boots (worn)
 G - a +0 cloak (worn)
 N - a +0 plate armour (worn)
Jewellery
 g - an uncursed ring of protection from fire
 j - an uncursed ring of poison resistance
 k - an uncursed ring of ice
 L - the ring of Rauligew (left hand) {+Inv MP+9 Str+4}
   (You found it on level 6 of the Dungeon)

   [ring of magical power]

   It affects your strength (+4).
   It affects your magic capacity (+9).
   It lets you turn invisible.
 O - a +3 ring of slaying (right hand)
Wands
 h - a wand of scattershot (5)
 p - a wand of polymorph (7)
 M - a wand of paralysis (10)
 P - a wand of digging (5)
Scrolls
 e - 9 scrolls of remove curse
 l - 3 scrolls of enchant armour
 r - 2 scrolls of immolation
 s - 3 scrolls of fog
 v - a scroll of summoning {unknown}
 x - 2 scrolls of fear
Potions
 n - 5 potions of cancellation
 t - 6 potions of lignification
 u - 3 potions of flight
 w - 4 potions of brilliance
 B - a potion of invisibility
 F - a potion of curing
Comestibles
 c - 18 rations


   Skills:
 + Level 11.0 Fighting
 * Level 11.9 Polearms
 - Level 10.1(10.3) Slings
 - Level 2.6(6.5) Throwing
 + Level 10.0 Armour
 - Level 0.8 Dodging
 * Level 4.5 Shields
 - Level 2.6 Necromancy
 * Level 7.5 Invocations
 * Level 6.4 Evocations


You had 11 spell levels left.
You knew the following spells:

 Your Spells              Type           Power        Failure   Level  Hunger
a - Animate Skeleton      Necr           N/A          95%         1    ##.....

Your spell library contained the following spells:

 Spells                   Type           Power        Failure   Level  Hunger
 Pain                     Necr           #...         95%         1    ##.....
 Confusing Touch          Hex            #.....       100%        1    ##.....
 Confuse                  Hex            #.......     100%        3    ####...
 Gell's Gravitas          Tloc           #.........   100%        3    ####...
 Regeneration             Chrm/Necr      #.........   100%        3    ####...
 Vampiric Draining        Necr           #.........   100%        3    ####...
 Animate Dead             Necr           N/A          100%        4    #####..
 Petrify                  Tmut/Erth      #.......     100%        4    #####..
 Metabolic Englaciation   Hex/Ice        #.........   100%        5    ######.
 Yara's Violent Unravell  Hex/Tmut       #.........   100%        5    ######.


Dungeon Overview and Level Annotations

Branches:
Dungeon (15/15)            Temple (0/1) D:4            Lair (0/6) D:11
    Orc (0/2) D:10         Vaults (0/5) D:13
 Depths: D:15

Altars:
Ashenzari
Dithmenos
Elyvilon
Fedhas
Hepliaklqana
Makhleb
Okawaru
Ru
Sif Muna
Trog
Uskayaw
Vehumet
Zin
The Shining One

Shops:
D:7 *   D:12 }

Annotations:
D:2 exclusion: downstairs
D:3 exclusion: 2 downstairs, Grinder
D:6 exclusion: downstairs


Innate Abilities, Weirdness & Mutations

You cannot be hasted, slowed, berserked, paralysed or teleported.
You can dig through walls and to a lower floor.
Your four strong arms can wield two-handed weapons with a shield.
You have a pair of large antennae on your head. (SInv)


Message History

The yak is heavily wounded.
The yak disappears!
You closely miss the freezing wraith.
The freezing wraith hits you but does no damage.
You block the freezing wraith's attack.
You puncture the freezing wraith!
Space warps horribly around the freezing wraith!
The freezing wraith is severely damaged.
You block the freezing wraith's attack. The freezing wraith hits you.
* * * LOW HITPOINT WARNING * * *
The freezing wraith drains your vigour!
Your stasis prevents you from being slowed.
You puncture the freezing wraith!
You destroy the freezing wraith!
Lugonu accepts your kill.
You hit the phantasmal warrior.
Space warps horribly around the phantasmal warrior!
The phantasmal warrior is heavily damaged.
The phantasmal warrior hits you!!
You die...

..?......
######........
#...##.$......
#.............
#......(......
#....†.(......
#...>.........
###....†5####...
#@#.{....# +#
##W#{........
###.....?...
#..........
#....W.....
#....W.....
##...#....
.......


You could see a phantasmal warrior.

Vanquished Creatures
  Josephine (D:12)
  2 centaur warriors (D:13)
  4 two-headed ogres
  A deep elf knight (D:15)
  A fire crab (shapeshifter) (D:14)
  2 unseen horrors
  2 ugly things
  3 deep elf magi (D:15)
  3 cyclopes
  A manticore (D:11)
  2 centaur zombies
  3 gargoyles
  A kobold demonologist (D:12)
  2 freezing wraiths
  A merfolk (D:9)
  2 trolls
  5 slime creatures (D:13)
  A hippogriff (D:15)
  Sigmund (D:5)
  2 vampires
  6 wraiths
  A wyvern (D:13)
  4 yaks
  A water elemental (D:14)
  6 vampire mosquitoes
  A basilisk (D:14)
  3 hungry ghosts
  A steam dragon (D:9)
  Menkaure (D:4)
  Edmund (D:3)
  5 wargs
  2 acid dragons
  2 water moccasins
  8 orc warriors
  6 ice beasts
  A hornet zombie (D:13)
  4 sky beasts
  5 ogres
  6 centaurs
  A crocodile (D:13)
  A big kobold (D:9)
  11 bullfrogs
  2 wyvern zombies
  A wyvern skeleton (D:5)
  A scorpion (D:8)
  6 killer bees
  11 wights
  8 howler monkeys
  A bullfrog zombie (D:7)
  7 crimson imps
  5 hounds
  3 jellies
  3 centaur skeletons
  10 orc priests
  12 orc wizards
  A bullfrog skeleton (D:9)
  4 iguanas
  Natasha (D:3)
  8 worker ants
  2 hound zombies
  A hound skeleton (D:10)
  Robin (D:4)
  17 adders
  A gnoll (D:9)
  3 shadow imps
  An ooze (D:5)
  An adder zombie (D:5)
  3 worms
  4 dart slugs
  4 leopard geckos
  54 orcs
  4 giant cockroaches
  20 goblins
  12 hobgoblins
  19 jackals
  5 quokkas
  11 bats
  5 frilled lizards
  A jackal zombie (D:5)
  13 kobolds
  A leopard gecko skeleton (D:7)
  9 rats
393 creatures vanquished.

Vanquished Creatures (others)
  A hydra (D:13)
  2 deep elf magi
  A slime creature (D:13)
  A wyvern (D:13)
  Natasha (twice) (D:3)
  A dart slug (D:3)
  6 bushes (D:13)
  2 plants (D:13)
16 creatures vanquished.

Grand Total: 409 creatures vanquished

Notes
Turn   | Place    | Note
-------+----------+-------------------------------------------
     0 | Abyss:1  | pobog the Formicid Abyssal Knight began the quest for the
                  | Orb.
     0 | Abyss:1  | Reached XP level 1. HP: 18/18 MP: 2/2
    49 | Abyss:1  | Noticed a wretched star
    50 | D:1      | Escaped the Abyss
    90 | D:1      | Reached * piety under Lugonu
   219 | D:1      | Reached XP level 2. HP: 22/25 MP: 3/3
   567 | D:1      | Reached XP level 3. HP: 21/30 MP: 4/4
  1148 | D:2      | Reached XP level 4. HP: 35/37 MP: 5/5
  1676 | D:2      | Reached skill level 1 in Slings
  1687 | D:2      | Reached ** piety under Lugonu
  1687 | D:2      | Reached XP level 5. HP: 43/43 MP: 6/6
  1753 | D:2      | Found a burning altar of Makhleb.
  1755 | D:2      | Noticed a green death
  1980 | D:2      | You fall into a shaft and drop 2 floors!
  1980 | D:4      | Noticed an ogre
  1987 | D:4      | Killed an ogre
  1987 | D:4      | Reached skill level 1 in Throwing
  1987 | D:4      | Reached XP level 6. HP: 49/49 MP: 7/7
  2082 | D:4      | Noticed Menkaure
  2093 | D:4      | Killed Menkaure
  2093 | D:4      | Reached XP level 7. HP: 11/55 MP: 8/8
  2363 | D:4      | Noticed Grinder
  2367 | D:4      | Noticed Robin
  3059 | D:3      | Found a radiant altar of Vehumet.
  3072 | D:3      | Reached skill level 5 in Fighting
  3133 | D:3      | Noticed Natasha
  3142 | D:3      | Killed Natasha
  3142 | D:3      | Reached skill level 5 in Slings
  3306 | D:3      | Found a shattered altar of Ashenzari.
  3388 | D:3      | Killed Natasha
  3443 | D:3      | Reached *** piety under Lugonu
  3504 | D:3      | Killed Natasha
  3782 | D:4      | Killed Robin
  4022 | D:4      | Noticed Edmund
  4111 | D:4      | Found a sacrificial altar of Ru.
  4170 | D:3      | Killed Edmund
  4170 | D:3      | Reached XP level 8. HP: 42/62 MP: 9/9
  5243 | D:4      | Found a staircase to the Ecumenical Temple.
  5883 | D:5      | Entered Level 5 of the Dungeon
  6032 | D:5      | Noticed Sigmund
  6046 | D:5      | Killed Sigmund
  6058 | D:5      | Reached skill level 5 in Polearms
  6783 | D:5      | Reached XP level 9. HP: 46/69 MP: 10/10
  7322 | D:5      | Found a shimmering blue altar of Sif Muna.
  7524 | D:6      | Found a hide-covered altar of Uskayaw.
  7538 | D:6      | Reached **** piety under Lugonu
  7890 | D:6      | Found a glowing silver altar of Zin.
  7972 | D:6      | Reached skill level 5 in Armour
  8031 | D:6      | Noticed an unseen horror
  8038 | D:6      | Killed an unseen horror
  8541 | D:6      | Got a warped lead ring
  8615 | D:6      | Identified the ring of Rauligew {+Inv MP+9 Str+4} (You
                  | found it on level 6 of the Dungeon)
  8718 | D:7      | Reached XP level 10. HP: 54/79 MP: 11/11
  9157 | D:7      | Noticed a cyclops
  9498 | D:7      | Killed a cyclops
  9498 | D:7      | Reached skill level 10 in Slings
  9842 | D:7      | Identified the +1 quarterstaff of Upheaval {flame, Dex+4}
                  | (You found it on level 7 of the Dungeon)
  9926 | D:7      | Found an iron altar of Okawaru.
  9971 | D:7      | Learned a level 1 spell: Animate Skeleton
 10145 | D:7      | Found Xitar's Assorted Antiques.
 10216 | D:8      | Found a bloodstained altar of Trog.
 10349 | D:8      | Reached skill level 1 in Necromancy
 10365 | D:8      | Reached ***** piety under Lugonu
 10713 | D:8      | Found a glowing golden altar of the Shining One.
 11781 | D:9      | Found a hazy altar of Hepliaklqana.
 12061 | D:9      | Found a white marble altar of Elyvilon.
 12945 | D:9      | Reached XP level 11. HP: 65/89 MP: 12/12
 14088 | D:10     | Entered Level 10 of the Dungeon
 14738 | D:10     | Noticed an unseen horror
 14747 | D:10     | Killed an unseen horror
 15009 | D:10     | Found a staircase to the Orcish Mines.
 15824 | D:11     | Found a staircase to the Lair.
 15990 | D:11     | Found a hazy altar of Hepliaklqana.
 16016 | D:11     | Noticed a cyclops
 16038 | D:11     | Killed a cyclops
 16168 | D:11     | Found a shadowy altar of Dithmenos.
 16289 | D:11     | Noticed a manticore
 16301 | D:11     | Killed a manticore
 16301 | D:11     | Reached skill level 10 in Fighting
 17229 | D:12     | Reached skill level 1 in Evocations
 17543 | D:12     | Noticed a sun demon
 17549 | D:12     | Reached XP level 12. HP: 97/97 MP: 14/14
 17566 | D:12     | Noticed a two-headed ogre
 17577 | D:12     | Killed a two-headed ogre
 17932 | D:12     | Noticed Josephine
 17946 | D:12     | Killed Josephine
 17946 | D:12     | Reached skill level 5 in Invocations
 18218 | D:12     | Found Wiotton's Gadget Shop.
 18373 | D:13     | Noticed a centaur warrior
 18416 | D:13     | Killed a centaur warrior
 18416 | D:13     | Reached skill level 1 in Shields
 18437 | D:13     | Noticed a centaur warrior
 18443 | D:13     | Killed a centaur warrior
 18461 | D:13     | Noticed a two-headed ogre
 18504 | D:13     | Killed a two-headed ogre
 18789 | D:13     | Noticed a two-headed ogre
 18808 | D:13     | Killed a two-headed ogre
 18808 | D:13     | Reached skill level 10 in Polearms
 18808 | D:13     | Reached skill level 5 in Evocations
 18827 | D:13     | Reached ****** piety under Lugonu
 19329 | D:13     | Noticed a two-headed ogre
 19343 | D:13     | Killed a two-headed ogre
 19343 | D:13     | Reached XP level 13. HP: 48/104 MP: 17/17
 19651 | D:13     | Identified a +5 halberd of distortion (a +3 halberd
                  | corrupted by Lugonu)
 19651 | D:13     | Received a gift from Lugonu
 19653 | D:13     | Found a blossoming altar of Fedhas.
 19722 | D:13     | Noticed a four-headed hydra
 19727 | D:13     | Banished a six-headed hydra
 20100 | D:13     | Found a gate to the Vaults.
 20103 | D:13     | Reached skill level 10 in Armour
 20419 | D:14     | You fall into a shaft and drop 1 floor!
 20419 | D:15     | Entered Level 15 of the Dungeon
 21266 | D:14     | HP: 4/105 [fire crab (shapeshifter) (8)]
 21283 | D:14     | Mangled by a phantasmal warrior

Levels and vault maps discovered:
D:1:      dpeg_arrival_subterranean_lakeside_camping, layout_rooms,
          kennysheep_decorative_pillar
D:2:      minmay_thinvault, layout_basic, makhleb_altar_promises_db,
          first_ration, columned_hall_lemuel
D:3:      layout_loops_ring, fiery_altar_vehumet, ashenzari_altar_1,
          uniq_natasha
D:4:      layout_gridville, nicolae_ru_great_annihilating_truth, temple_pool_b,
          grunt_ministairs_8, uniq_grinder, uniq_edmund, uniq_menkaure,
          uniq_robin
D:5:      layout_layer_cave, kennysheep_mini, uniq_sigmund
D:6:      layout_gridville, nicolae_overflow_crystal_walls, old_standard_altar,
          minivault_24, minivault_5, nzn_random_ring
D:7:      layout_basic, okawaru_trees_2, serial_shops,
          nicolae_shop_overgrown_old_shop
D:8:      layout_layer_cave, bloody_trog, nicolae_tso_swordbearing_angel
D:9:      layout_stronghold, kennysheep_little_box, elyvilon_altar_3,
          hangedman_fish_farm
D:10:     layout_layer_cave, david_orc_1_choice
D:11:     layout_loops_corners, erik_lair_orcish_takeover, basic_altar,
          nicolae_dithmenos_the_darkroom
D:12:     layout_irregular_city, serial_shops, nicolae_shop_crystal,
          uniq_josephine
D:13:     layout_roguey, david_vaults_1, serial_bayou_pond_a,
          fedhas_bush_and_centaur_altar
D:14:     layout_basic, minmay_misc_feat_alley, hangedman_tree_tricks
D:15:     grunt_enter_depths_magical_seal, layout_basic, roderic_serpentine_path

Skill      XL: |  1  2  3  4  5  6  7  8  9 10 11 12 13 |
---------------+----------------------------------------+-----
Fighting       | 4 5 6 7 9 10 11 | 11.0
Polearms       | 3 4 5 6 8 10 11 | 11.9
Slings         | 1 3 4 5 6 9 10 | 10.1
Throwing       | 1 2 |  2.6
Armour         | 3 4 5 7 9 10 | 10.0
Necromancy     | 2 |  2.6
Evocations     | 2 5 6 |  6.4
Invocations    | 3 6 7 |  7.5
Shields        | 3 4 |  4.5
Dodging        | |  0.8

Action                   |  1- 3 |  4- 6 |  7- 9 | 10-12 | 13-15 || total
-------------------------+-------+-------+-------+-------+-------++-------
Melee: Spear             |   109 |    20 |   194 |       |       ||   323
       Glaive            |       |       |    43 |    81 |       ||   124
       Trident           |       |       |    17 |    27 |       ||    44
       Halberd           |       |       |       |   179 |   169 ||   348
 Fire: Hunting sling     |       |    91 |   265 |   664 |       ||  1020
Throw: Dart              |    17 |     5 |    28 |    19 |    10 ||    79
       Boomerang         |       |       |       |     1 |     3 ||     4
Invok: Depart the Abyss  |     1 |       |       |       |       ||     1
       Bend Space        |       |       |     1 |     3 |       ||     4
       Brand Weapon With |       |       |       |       |     1 ||     1
 Abil: Dig               |       |       |       |     2 |     1 ||     3
       Shaft Self        |       |       |       |       |     1 ||     1
  Use: Scroll            |       |     1 |    10 |     3 |    10 ||    24
       Potion            |       |       |       |     7 |     2 ||     9
 Stab: Distracted        |       |       |     1 |       |       ||     1
       Paralysed         |       |       |     5 |       |       ||     5
  Eat: Chunk             |     1 |     3 |    20 |    19 |     9 ||    52
       Ration            |       |       |       |     4 |       ||     4
Armor: Leather armour    |    24 |     3 |       |       |       ||    27
       Ring mail         |       |    17 |     5 |       |       ||    22
       Chain mail        |       |       |   177 |    40 |       ||   217
       Scale mail        |       |       |     7 |       |       ||     7
       Plate armour      |       |       |       |   311 |    57 ||   368
Dodge: Dodged            |    59 |    24 |   125 |   196 |    15 ||   419
Block: Shield            |       |       |       |    57 |    35 ||    92
